 Dungeon Crawl Stone Soup version 0.29.0-4-gdea44cf6ec (webtiles) character file.

Game seed: 13379761296547205412

44 qw the Chopper (level 3, -1/21 HPs)
             Began as a Tengu Warper on Aug 28, 2022.
             Slain by an adder (3 damage)
             ... on level 2 of the Dungeon.
             The game lasted 00:00:08 (1764 turns).

qw the Chopper (Tengu Warper)                       Turns: 1764, Time: 00:00:08

Health: -1/21      AC:  3    Str: 13    XL:     3   Next: 60%
Magic:  7/7        EV: 12    Int: 13    God:
Gold:   95         SH:  0    Dex: 13    Spells: 6/6 levels left

rFire   . . .      SeeInvis .   Y - +0 hand axe
rCold   . . .      Faith    .   (no shield)
rNeg    . . .      Spirit   .   b - +0 leather armour
rPois   .          Reflect  .   (helmet restricted)
rElec   .          Harm     .   (no cloak)
rCorr   .          Rampage  .   (no gloves)
Will    .....                   (boots unavailable)
Stlth   +.........              (no amulet)
HPRegen 0.07/turn               (no ring)
MPRegen 0.10/turn               (no ring)

@: lethally poisoned (-1 -> -8)
A: beak, talons 3
a: no special abilities


You were on level 2 of the Dungeon.
You visited 1 branch of the dungeon, and saw 2 of its levels.

You collected 95 gold pieces.


Innate Abilities, Weirdness & Mutations

You have a beak for a mouth.
You have claws for feet.


   Skills:
 - Level 2.0 Fighting
 + Level 4.2 Axes
 - Level 1.0 Throwing
 - Level 1.1 Armour
 - Level 2.1 Dodging
 - Level 2.0 Spellcasting
 - Level 2.4 Translocations


You had 6 spell levels left.
You didn't know any spells.
Your spell library contained the following spells:

 Spells                   Type           Power      Damage    Failure   Level
 Blink                    Tloc           14%        N/A       19%         2
 Gell's Gravitas          Tloc           7%         N/A       36%         3
 Lesser Beckoning         Tloc           7%         N/A       36%         3
 Teleport Other           Tloc           7%         N/A       36%         3
 Manifold Assault         Tloc           7%         N/A       98%         5

Inventory:

Hand Weapons
 h - a +0 whip
 Y - a +0 hand axe (weapon)
Armour
 b - a +0 leather armour (worn)
 g - a +0 ring mail
Scrolls
 a - a scroll of noise {unknown}
 c - 2 scrolls of identify
 i - a scroll of enchant armour {unknown}
Potions
 d - a potion of flight {unknown}
 e - a potion of haste {unknown}
 f - a potion of heal wounds {unknown}
 j - a potion of mutation {unknown}
 k - a potion of attraction {unknown}

Dungeon Overview and Level Annotations

Branches:
Dungeon (2/15)

Altars:


Message History

You hit the adder. You peck the adder.
You kill the adder!
An adder comes into view.
The adder hisses angrily.
The adder moves out of view.
Enter note: You miss the adder.
Your kick misses the adder. The adder bites you. The adder closely misses you.
You closely miss the adder. The adder closely misses you.
You hit the adder. Your kick misses the adder.
The adder is lightly wounded.
The adder barely misses you. The adder closely misses you.
You hit the adder. Your kick misses the adder. Your punch misses the adder.
The adder is heavily wounded.
The adder bites you.
You closely miss the adder. You claw the adder.
The adder is heavily wounded.
The adder bites you.
You are poisoned.
The adder poisons you!
You barely miss the adder.
The adder is heavily wounded.
You feel sick. The adder bites you. x2
You are more poisoned.
The adder poisons you!
You completely miss the adder. Your peck misses the adder.
The adder is heavily wounded.
You feel sick. The adder bites you.
You barely miss the adder. Your kick misses the adder.
The adder is heavily wounded.
You feel sick. The adder bites you.
You are more poisoned.
The adder poisons you! The adder bites you but does no damage.
You closely miss the adder. You claw the adder, but do no damage.
Your peck misses the adder.
The adder is heavily wounded.
You feel very sick. The adder bites you.
You die...

#.# ##.## #.# #.
#...# #.# ####.##
#...# #.# ......
#...# ... ##....
#.### # ..... #.#
... ... #.#
#...#S##########.#
#.....@..........#
.......############
###.##. # .. ###


You could see an adder.

Vanquished Creatures
  An adder (D:2)
  A dart slug (D:2)
  2 ball pythons
  3 bats
  2 endoplasms
  A giant cockroach (D:2)
  4 goblins
  2 hobgoblins
  3 jackals (D:2)
  2 kobolds
  A quokka (D:1)
  3 frilled lizards
  5 rats
30 creatures vanquished.

Notes
Turn   | Place    | Note
-------+----------+-------------------------------------------
     0 | D:1      | qw the Tengu Warper began the quest for the Orb.
     0 | D:1      | Reached XP level 1. HP: 12/12 MP: 4/4
     0 | D:1      | 0 ||| qw: Version: 0.1-a-89-g26bdef1
     0 | D:1      | 0 ||| qw: Game counter: 3363
     0 | D:1      | 0 ||| qw: Always use a shield: true
     0 | D:1      | 0 ||| qw: God list: Okawaru
     0 | D:1      | 0 ||| qw: Allow faded altars: false
     0 | D:1      | 0 ||| qw: Do Orc after D:15 true
     0 | D:1      | 0 ||| qw: Do second Lair branch before Depths: true
     0 | D:1      | 0 ||| qw: Lair rune preference: random
     0 | D:1      | 0 ||| qw: Plans: Normal
     0 | D:1      | 0 ||| PLANNING D:1-11
     4 | D:1      | Noticed a meteoran
     4 | D:1      | Noticed an ogre
     6 | D:1      | Noticed a felid
     6 | D:1      | Noticed a formicid
     8 | D:1      | Noticed an elf
     8 | D:1      | Noticed an octopode
    10 | D:1      | Noticed a tengu
    10 | D:1      | Noticed a ghoul
    12 | D:1      | Noticed a naga
    12 | D:1      | Noticed a vine stalker
    14 | D:1      | Noticed a human
    14 | D:1      | Noticed a minotaur
    16 | D:1      | Noticed a demonspawn
    16 | D:1      | Noticed a vampire
    18 | D:1      | Noticed a demigod
    18 | D:1      | Noticed a troll
    20 | D:1      | Noticed a palentonga
    22 | D:1      | Noticed a gargoyle
    24 | D:1      | Noticed a spriggan
    24 | D:1      | Noticed a draconian
    26 | D:1      | Noticed a formicid
    28 | D:1      | Noticed a demigod
    28 | D:1      | Noticed a troll
   156 | D:1      | HP: 3/12 [quokka (4)]
   158 | D:1      | Reached skill level 3 in Axes
   158 | D:1      | Reached XP level 2. HP: 4/17 MP: 6/6
   964 | D:1      | 964 ||| READING scroll labelled VASOUBIUL.
   965 | D:1      | 965 ||| READING scroll labelled CASOQU KUXOA.
   966 | D:1      | 966 ||| READING scroll labelled ESTUFO JAFIQO.
   967 | D:1      | 967 ||| READING scroll labelled NATHENURUD.
   970 | D:1      | 970 ||| DROPPING scroll of blinking.
  1078 | D:2      | 1078 ||| Stepping ~*~*~tactically~*~*~ (stealth).
  1088 | D:2      | Reached XP level 3. HP: 17/21 MP: 7/7
  1187 | D:2      | 1187 ||| DROPPING +0 club.
  1325 | D:2      | Reached skill level 4 in Axes
  1628 | D:2      | 1628 ||| Stepping ~*~*~tactically~*~*~ (stealth).
  1763 | D:2      | HP: 5/21 [adder (2)]
  1764 | D:2      | HP: 2/21 [poisoned by an adder]
  1764 | D:2      | Slain by an adder

Levels and vault maps discovered:
D:1:      kb_arrival_jail, layout_loops_ring, kennysheep_nondescript
D:2:      layout_loops_corners, kennysheep_generic_room_9

Skill      XL: |  1  2  3 |
---------------+----------+-----
Axes           | 3 4 |  4.2
Fighting       | |  2.0
Throwing       | |  1.0
Armour         | |  1.1
Dodging        | |  2.1
Spellcasting   | |  2.0
Translocations | |  2.4

Action                   || total
-------------------------++-------
Melee: Hand axe          ||    68
       Kick              ||    15
       Peck              ||    11
Throw: Boomerang         ||     7
  Use: Scroll            ||     4
Armor: Leather armour    ||     9
Dodge: Dodged            ||    34

Table legend:
 A = Non-vault XP
 B = Vault XP
 C = Vault XP percentage of total XP
 D = Non-vault monster count
 E = Vault monster count
 F = Vault count percentage of total count
                 A         B        C        D         E       F
            +---------+---------+-------+---------+---------+-------
      Total |      61 |       2 |   3.2 |      29 |       1 |   3.3
            +---------+---------+-------+---------+---------+-------
        D:1 |      23 |       0 |   0.0 |      15 |       0 |   0.0
        D:2 |      38 |       2 |   5.0 |      14 |       1 |   6.7
            +---------+---------+-------+---------+---------+-------
